 Dungeon Crawl Stone Soup version 0.21-a0-521-g1cd18d1 (webtiles) character file.

90 Gerstahl the Chopper (level 4, 0/40 HPs)
             Began as a Draconian Gladiator on Dec 5, 2017.
             Succumbed to an adder's poison
             ... on level 2 of the Dungeon.
             The game lasted 00:02:28 (886 turns).

Gerstahl the Chopper (Draconian Gladiator)           Turns: 886, Time: 00:02:29

Health: 0/40       AC:  8    Str: 18    XL:     4   Next: 32%
Magic:  4/4        EV: 13    Int: 13    God:
Gold:   54         SH:  0    Dex: 12    Spells: 3/3 levels left

rFire    . . .     SeeInvis .   a - +0 war axe
rCold    . . .     Gourm    .   (no shield)
rNeg     . . .     Faith    .   (armour unavailable)
rPois    .         Spirit   .   b - +0 hat
rElec    .         Reflect  .   i - +2 cloak
rCorr    .         Harm     .   (no gloves)
MR       .....                  (no boots)
Stlth    +.........             (no amulet)
HPRegen  0.13/turn              (no ring)
MPRegen  0.09/turn              (no ring)

@: brilliant, lethally poisoned (0 -> -3), flying
A: unfitting armour, cold-blooded, AC +5
a: no special abilities


You were on level 2 of the Dungeon.
You were not hungry.

You visited 1 branch of the dungeon, and saw 2 of its levels.

You collected 54 gold pieces.

Inventory:

Hand Weapons
 a - a +0 war axe (weapon)
Missiles
 c - 3 throwing nets (quivered)
Armour
 b - a +0 hat (worn)
 i - a +2 cloak (worn)
Jewellery
 p - a +5 ring of dexterity {unknown}
Wands
 r - a wand of paralysis (15)
Scrolls
 f - 3 scrolls of fear {unknown}
 j - a scroll of teleportation {unknown}
 k - a scroll of remove curse {unknown}
 l - a scroll of fog {unknown}
 m - 3 scrolls of identify {unknown}
 n - a scroll of blinking {unknown}
 o - a scroll of random uselessness {unknown}
Comestibles
 d - 2 bread rations
 g - 2 meat rations


   Skills:
 + Level 3.7 Fighting
 + Level 4.1 Axes
 - Level 1.7 Throwing
 - Level 2.6 Dodging
 + Level 1.0 Evocations


You had 3 spell levels left.
You didn't know any spells.

Dungeon Overview and Level Annotations

Branches:
Dungeon (2/15)

Altars:


Innate Abilities, Weirdness & Mutations

Your plain brown scales are hard. (AC +5)
You cannot fit into any form of body armour.
You are cold-blooded and may be slowed by cold attacks.


Message History

It was a potion of brilliance.
You feel clever all of a sudden.
You feel sick. The adder barely misses you. The gnoll closely misses you.
It was a potion of flight.
You feel very buoyant.
You fly up into the air.
The adder completely misses you. The gnoll barely misses you.
The adder misses you.
You feel sick.
You feel sick.
You feel sick. The adder closely misses you.
You feel sick. The adder bites you.
* * * LOW HITPOINT WARNING * * *
* * * LOW HITPOINT WARNING * * *
You feel sick. The adder bites you but does no damage.
There is a stone staircase leading up here.
You hit the adder.
The adder is heavily wounded.
You die...

.####...###.####...#.## ##†.#
.......#..........###.##
##.#.# #####.###.#.#.#...#
#..###.##.## #.##
##..#.....###.#...###..##
##.###..........##.##.####.#.#
##.#†#.........##.....##...#.
##.##.........#####..#..#.##
#.#####...#.## #..##...#. #.#
#...@.# #......#.# #.# #...S.#
##.####..# #.######.#g.# #.#
#..# #.#.........# #.# #..#
#.#.######g## #.# #..# #.#.##
#.# #.# #..#
#....#####g########.# #..#
#...................####..#
##...#####.............[..#


You could see 3 gnolls and an adder.

Vanquished Creatures
  A worker ant (D:2)
  A gnoll (D:2)
  An adder (D:2)
  An ooze (D:2)
  2 worms (D:2)
  A dart slug (D:2)
  A leopard gecko (D:2)
  5 giant cockroaches
  3 goblins (D:1)
  4 hobgoblins
  A quokka (D:2)
  5 bats
  A frilled lizard (D:2)
  6 kobolds
  2 rats (D:1)
35 creatures vanquished.

Notes
Turn   | Place    | Note
-------+----------+-------------------------------------------
     0 | D:1      | Gerstahl the Draconian Gladiator began the quest for the Orb.
     0 | D:1      | Reached XP level 1. HP: 17/17 MP: 1/1
   246 | D:1      | Reached XP level 2. HP: 22/25 MP: 2/2
   630 | D:2      | Reached XP level 3. HP: 27/31 MP: 3/3
   835 | D:2      | Reached skill level 4 in Axes
   835 | D:2      | Reached XP level 4. HP: 40/40 MP: 4/4
   868 | D:2      | Reached skill level 1 in Evocations
   882 | D:2      | HP: 2/40 [adder (4)]
   886 | D:2      | Succumbed to an adder's poison

Vault maps used:
D:1:      nzn_arrival_water_spiral
D:2:      cheibrodos_gnoll_hut

Skill      XL: |  1  2  3  4 |
---------------+-------------+-----
Fighting       | 3 |  3.7
Axes           | 4 |  4.1
Evocations     | 1 |  1.0
Throwing       | |  1.7
Dodging        | |  2.6

Action                   |  1- 3 |  4- 6 || total
-------------------------+-------+-------++-------
Melee: War axe           |    85 |    11 ||    96
       Tailslap          |     6 |     1 ||     7
  Use: Potion            |       |     2 ||     2
 Stab: Sleeping          |     2 |       ||     2
Armor: Skin              |    46 |     5 ||    51
Dodge: Dodged            |    81 |    15 ||    96

Table legend:
 A = Spawn XP
 B = Non-spawn XP
 C = Spawn XP percentage of total XP
 D = Spawn monster count
 E = Non-spawn monster count
 F = Spawn count percentage of total count
 G = Total turns spent on level
                    A         B        C        D         E        F      G
               +---------+---------+-------+---------+---------+-------+---------
         Total |       0 |     129 |   0.0 |       0 |      35 |   0.0 |   886
               +---------+---------+-------+---------+---------+-------+---------
           D:1 |       0 |      27 |   0.0 |       0 |      17 |   0.0 |   605
           D:2 |       0 |     102 |   0.0 |       0 |      18 |   0.0 |   281
               +---------+---------+-------+---------+---------+-------+---------
